 Dungeon Crawl Stone Soup version 0.29-a0-841-g116ddc6ace (webtiles) character file.

Game seed: 13446524039899641771

627 omnomnOMINOUS the Firebug (level 7, -2/46 HPs)
             Began as an Octopode Wanderer on July 15, 2022.
             Killed by divine providence
             ... invoked by an orc priest
              (16 damage)
             ... on level 4 of the Dungeon.
             The game lasted 00:08:31 (3520 turns).

omnomnOMINOUS the Firebug (Octopode Wanderer)       Turns: 3520, Time: 00:08:31

Health: -2/46      AC:  5    Str: 24    XL:     7   Next: 48%
Magic:  0/10       EV: 13    Int: 17    God:
Gold:   67         SH:  0    Dex: 10    Spells: 7/10 levels left

rFire   x . .      SeeInvis +   a - +11 spear "Pemosib" {freeze, rPois rF- Str+6 SInv}
rCold   . . .      Faith    .   (no shield)
rNeg    . . .      Spirit   .   (helmet restricted)
rPois   +          Reflect  .   (no amulet)
rElec   .          Harm     .   e - +4 ring of protection
rCorr   .          Rampage  .   g - +6 ring of strength
Will    .....                   (no ring)
Stlth   ++........              (no ring)
HPRegen 0.15/turn               (no ring)
MPRegen 0.12/turn               (no ring)
                                (no ring)
                                (no ring)

@: brilliant
A: almost no armour, amphibious, 8 rings, camouflage 1, gelatinous body 1,
(nimble swimmer 1), tentacles
a: no special abilities


You were on level 4 of the Dungeon.
You visited 1 branch of the dungeon, and saw 4 of its levels.

You collected 145 gold pieces.
You spent 78 gold pieces at shops.

Inventory:

Hand Weapons
 a - the +11 spear "Pemosib" (weapon) {freeze, rPois rF- Str+6 SInv}
   (You found it on level 3 of the Dungeon)

   It freezes those it strikes, dealing additional cold damage.
   It can also slow down cold-blooded creatures.
   Str:       It affects your strength (+6).
   rF:        It makes you vulnerable to fire.
   rPois:     It protects you from poison.
   SInv:      It lets you see invisible.
 b - a +0 vorpal quarterstaff
 d - a +3 quarterstaff of chaos
 s - a +2 short sword of draining
Jewellery
 e - a +4 ring of protection (left tentacle)
 g - a +6 ring of strength (right tentacle)
Wands
 c - a wand of flame (4) (quivered)
Scrolls
 f - 2 scrolls of poison {unknown}
 k - a scroll of enchant armour {unknown}
 n - a scroll of torment {unknown}
 o - a scroll of fog
 p - a scroll of immolation {unknown}
 r - a scroll of fear
 t - a scroll of identify
Potions
 h - 2 potions of curing
 i - 3 potions of magic
 l - a potion of degeneration {unknown}
 m - a potion of cancellation {unknown}


   Skills:
 + Level 3.3 Fighting
 + Level 2.4 Polearms
 + Level 3.3 Dodging
 - Level 2.0 Spellcasting
 + Level 3.3 Conjurations
 - Level 1.0 Translocations
 + Level 5.4 Fire Magic
 - Level 1.0 Invocations
 - Level 2.1 Evocations


You had 7 spell levels left.
You knew the following spells:

 Your Spells              Type           Power      Damage    Failure   Level
a - Foxfire               Conj/Fire      96%        2x1d8     3%          1
b - Scorch                Fire           60%        2d8       3%          2

Your spell library contained the following spells:

 Spells                   Type           Power      Damage    Failure   Level
 Apportation              Tloc           14%        N/A       13%         1
 Static Discharge         Conj/Air       11%        3-5/arc   16%         2
 Inner Flame              Hex/Fire       16%        N/A       19%         3
 Sublimation of Blood     Necr           2%         N/A       28%         2
 Wereblood                Tmut           2%         N/A       28%         2
 Ignite Poison            Fire/Tmut/Pois 11%        N/A       28%         3
 Sticky Flame             Conj/Fire      24%        2d5       32%         4
 Mephitic Cloud           Conj/Pois/Air  8%         N/A       36%         3
 Portal Projectile        Hex/Tloc       10%        N/A       43%         3
 Dispel Undead            Necr           2%         3d7       88%         4
 Freezing Cloud           Conj/Ice/Air   4%         6-21      98%         5
 Summon Hydra             Summ           1%         N/A       100%        7


Dungeon Overview and Level Annotations

Branches:
Dungeon (4/15)
 Temple: D:4-7

Altars:
Makhleb
Trog
Uskayaw
Wu Jian
Zin

Shops:
D:2 [   D:3 *


Innate Abilities, Weirdness & Mutations

You cannot wear most types of armour.
You are amphibious.
You can wear up to eight rings at the same time.
Your skin changes colour to match your surroundings (Stealth+).
Your rubbery body absorbs attacks. (AC +1, EV +1)
((You are camouflaged when in or above water. (Stealth+)))
You have tentacles for arms and can constrict up to eight enemies at once.


Message History

The orc priest invokes the aid of Beogh against you.
Pain shoots through your body!
The orc shouts!
Things that are here:
a +0 long sword; a +0 robe The orc priest calls down the wrath of Beogh upon you.
Beogh smites you! The iguana barely misses you.
The iguana attacks as you move away! The iguana barely misses you.
You barely miss the iguana. You grab the iguana. You constrict the iguana.
The iguana bites you!
It was a potion of brilliance.
You feel clever all of a sudden.
You constrict the iguana. The iguana closely misses you.
Unknown command.
You puncture the iguana! You freeze the iguana.
You kill the iguana!
An orc priest comes into view. It is wielding a +0 dagger.
Casting: Scorch (safe; 3% risk of failure)
Confirm with . or Enter, or press ? or * to list all spells.
You feel a surge of power!
Flames lash the orc.
The orc is almost dead.
The orc's fire resistance burns away.
You hear a shout!
The orc hits you but does no damage.
You puncture the orc! You freeze the orc.
You kill the orc!
The orc priest invokes the aid of Beogh against you.
Beogh smites you!
* * * LOW HITPOINT WARNING * * *
Unknown command.
You feel better.
Casting: Scorch (safe; 3% risk of failure)
Confirm with . or Enter, or press ? or * to list all spells.
You feel a surge of power!
Flames lash the orc priest.
The orc priest is severely wounded.
The orc priest's fire resistance burns away.
The orc priest calls down the wrath of Beogh upon you.
Beogh smites you!
You die...

##............. #
..............# $. . ###
#............##.## .. #.. .
.........#......# #..##.#
..####....#.........## #......
#...................####......
#......!..#.$.................
#....)...)..###...............
.....).)..).oo@.........##.....
.#...)...K########........[....
#........# #.#...........
#........# #.# #.....(...
#........# #.# #........
#........# #.# #.......
####..#### #.# #....).. #..
##.#####....... #..##..........


You could see 2 orc priests and a kobold.

Vanquished Creatures
  An ogre (D:4)
  Blork the orc (D:4)
  5 wights (D:4)
  Crazy Yiuf (D:3)
  An iguana (D:4)
  An orc wizard (D:4)
  5 adders
  An ufetubus (D:4)
  5 dart slugs
  8 orcs
  5 ball pythons
  3 bats
  6 endoplasms
  2 giant cockroaches (D:2)
  A hobgoblin (D:4)
  4 jackals (D:4)
  3 kobolds
  6 quokkas
  8 frilled lizards
  6 goblins
  4 rats
77 creatures vanquished.

Vanquished Creatures (collateral kills)
  2 foxfires (D:1)
2 creatures vanquished.

Vanquished Creatures (others)
  2 demonic plants (D:1)
  37 foxfires
39 creatures vanquished.

Grand Total: 118 creatures vanquished

Notes
Turn   | Place    | Note
-------+----------+-------------------------------------------
     0 | D:1      | omnomnOMINOUS the Octopode Wanderer began the quest for the
                  | Orb.
     0 | D:1      | omnomnOMINOUS set off with the following items: a +0 club,
                  | a scroll of fog, a wand of flame (4); and the following
                  | spells available to memorise: Scorch, Foxfire, Apportation,
                  | Inner Flame, Portal Projectile.
     0 | D:1      | Reached XP level 1. HP: 11/11 MP: 3/3
     2 | D:1      | Learned a level 1 spell: Foxfire
   467 | D:1      | Reached XP level 2. HP: 18/18 MP: 3/5
   517 | D:1      | Found a faded altar of an unknown god.
   708 | D:1      | Reached skill level 1 in Conjurations
   763 | D:1      | Learned a level 2 spell: Scorch
   918 | D:1      | Reached skill level 1 in Dodging
  1024 | D:1      | Reached skill level 1 in Fighting
  1364 | D:2      | Reached XP level 3. HP: 23/23 MP: 6/6
  1591 | D:2      | Found Ywaop Ile's Armour Emporium.
  2099 | D:2      | Reached XP level 4. HP: 28/28 MP: 0/7
  2415 | D:3      | Found Nease's General Store.
  2423 | D:3      | Bought a scroll of fear for 52 gold pieces
  2423 | D:3      | Bought a scroll of identify for 26 gold pieces
  2580 | D:3      | Found a runed translucent door.
  2581 | D:3      | Noticed Crazy Yiuf
  2588 | D:3      | Killed Crazy Yiuf
  2771 | D:3      | Reached XP level 5. HP: 34/34 MP: 6/8
  2978 | D:3      | Identified the +11 spear "Pemosib" {freeze, rPois rF- Str+6
                  | SInv}
  3011 | D:3      | Found a bloodstained altar of Trog.
  3016 | D:3      | Found a hide-covered altar of Uskayaw.
  3019 | D:3      | Found an ornate altar of the Wu Jian Council.
  3019 | D:3      | Found a glowing silver altar of Zin.
  3035 | D:3      | Found a burning altar of Makhleb.
  3097 | D:4      | Noticed Blork the orc
  3105 | D:4      | Killed Blork the orc
  3371 | D:4      | Reached skill level 1 in Polearms
  3434 | D:4      | Reached XP level 6. HP: 41/41 MP: 9/9
  3455 | D:4      | Reached skill level 5 in Fire Magic
  3489 | D:4      | Reached XP level 7. HP: 46/46 MP: 10/10
  3520 | D:4      | Killed from afar by an orc priest

Illustrated notes

Levels and vault maps discovered:
D:1:      eino_arrival_cavern_a, layout_basic, shapermc_ecumenical_altar_gd
D:2:      layout_basic, serial_shops, nicolae_shop_crystal
D:3:      layout_basic, nicolae_overflow_hallway_of_the_gods, serial_shops,
          shop, uniq_crazy_yiuf_cottage
D:4:      layout_rooms, fedhas_altar_4, uniq_blork_the_orc

Skill      XL: |  1  2  3  4  5  6  7 |
---------------+----------------------+-----
Conjurations   | 1 2 3 |  3.3
Dodging        | 1 2 3 |  3.3
Fighting       | 1 2 3 |  3.3
Polearms       | 1 2 |  2.4
Fire Magic     | 5 |  5.4
Spellcasting   | |  2.0
Translocations | |  1.0
Invocations    | |  1.0
Evocations     | |  2.1

Action                   |  1- 3 |  4- 6 |  7- 9 || total
-------------------------+-------+-------+-------++-------
Melee: Club              |    14 |       |       ||    14
       Short sword       |    21 |    15 |       ||    36
       Constrict         |     8 |    11 |     3 ||    22
       Tentacles         |     6 |     9 |     1 ||    16
       Spear             |       |    27 |     9 ||    36
 Cast: Foxfire           |    16 |     6 |       ||    22
       Scorch            |    10 |    11 |     7 ||    28
  Use: Scroll            |       |     3 |     1 ||     4
       Potion            |       |       |     4 ||     4
 Stab: Sleeping          |     5 |     1 |       ||     6
Armor: Skin              |    10 |    11 |     2 ||    23
Dodge: Dodged            |    19 |    16 |     9 ||    44

Table legend: (Time is in decaauts)
 A = Elapsed time spent in this place.
 B = Non-inter-level travel time spent in this place.
 C = Inter-level travel time spent in this place.
 D = Time resting spent in this place.
 E = Time spent auto-exploring this place.
 F = Levels seen in this place.
 G = Mean time per level.
                   A        B        C        D        E       F      G
               +--------+--------+--------+--------+--------+-----+--------+
         Total |   3526 |   3416 |    110 |    513 |   2391 |   4 |  881.5 |
       Dungeon |   3526 |   3416 |    110 |    513 |   2391 |   4 |  881.5 |
               +--------+--------+--------+--------+--------+-----+--------+

Top non-repeatable levels by time:
     D:1: 1285 daAuts
     D:2: 1110 daAuts
     D:3: 934 daAuts
     D:4: 195 daAuts
